Cogmind - Beta 16 @@@ ROGUE MODE // 2025.12.31 @ 21:32:20 Player: KN-OKO Result: Destroyed by D-53 Grenadier with Mini Grenade Launcher Performance ------------- Evolutions (0) 0 Regions Visited (4) 800 Robots Destroyed (17) 85 Value Destroyed (384) 384 Prototype IDs (23) 460 Alien Tech Used (0) 0 Bonus (300) 300 TOTAL SCORE: 2029 Bonus ------- Aligned with FarCom 300 Cogmind --------- Core Integrity 0/250 Matter 290/300 Energy 90/160 System Corruption 0% Temperature Cool (4) Movement Walking (45) Location -9/Mines Parts ------- > --- POWER (1) -------- Light Nuclear Core > --- PROPULSION (2) --- Potential Leg Potential Leg > --- UTILITY (2) ------ High-capacity Storage Unit Light Armor Plating > --- WEAPON (2) ------- Light Assault Rifle Light Assault Rifle > --- INVENTORY (20) --- Reinforced Deuterium Engine Light Fission Core Light Fission Core Aluminum Leg Wheel Compact Wheel Large Matter Pod (150) Light Armor Plating Light Armor Plating Light Armor Plating EM Pulse Gun Light Assault Rifle Heavy Assault Rifle Peak State ------------ > --- POWER ------------ Light Nuclear Core > --- PROPULSION ------- Potential Leg Potential Leg > --- UTILITY ---------- High-capacity Storage Unit Light Armor Plating > --- WEAPON ----------- Light Assault Rifle Light Assault Rifle > --- INVENTORY -------- Reinforced Deuterium Engine Light Fission Core Light Fission Core Aluminum Leg Wheel Compact Wheel Large Matter Pod Light Armor Plating Light Armor Plating Light Armor Plating EM Pulse Gun Light Assault Rifle Heavy Assault Rifle [Rating: 29] Favorites ----------- Power Light Ion Engine Engine Light Ion Engine Power Core Light Nuclear Core Propulsion Aluminum Leg Leg Aluminum Leg Utility Large Storage Unit Device Seismic Detector Storage Large Storage Unit Protection Light Armor Plating Weapon Light Assault Rifle Ballistic Gun Light Assault Rifle Build | -11 -10 -10 -10 -9 ------- Run | Yrd Mat Min Exi Min Slots Evolved . | . . . . . Power . | . . . . . Propulsion . | . . . . . Utility . | . . . . . Weapon . | . . . . . Parts Attached 21 | 8 9 . 2 2 Power 3 | 2 . . . 1 Engine 2 | 2 . . . . Core 1 | . . . . 1 Reactor . | . . . . . Propulsion 8 | 2 4 . 2 . Treads . | . . . . . Leg 8 | 2 4 . 2 . Wheel . | . . . . . Hover . | . . . . . Flight . | . . . . . Utility 7 | 2 4 . . 1 Device 1 | 1 . . . . Storage 5 | 1 3 . . 1 Processor . | . . . . . Hackware . | . . . . . Protection 1 | . 1 . . . Artifact . | . . . . . Weapon 3 | 2 1 . . . Energy Gun . | . . . . . Energy Cannon . | . . . . . Ballistic Gun 3 | 2 1 . . . Ballistic Cannon . | . . . . . Launcher . | . . . . . Special Weapon . | . . . . . Impact Weapon . | . . . . . Slashing Weapon . | . . . . . Piercing Weapon . | . . . . . Special Melee Weapon . | . . . . . Unidentified Prototypes 1 | . . . 1 . Parts Lost 3 | . 2 . . 1 Power 1 | . . . . 1 Propulsion . | . . . . . Utility 1 | . 1 . . . Weapon 1 | . 1 . . . Highest Loss Streak 2 | . 2 . . 1 To Critical Strikes . | . . . . . Average Backups 10 | 4 8 10 13 14 Power 2 | . 1 1 3 4 Propulsion 4 | 2 4 5 4 3 Utility 1 | . . 1 3 4 Weapon 2 | . 2 2 3 3 Tool/Special . | . . . . . Unused Backups 14 | . . . 2 12 Power 3 | . . . . 3 Propulsion 5 | . . . 2 3 Utility 3 | . . . . 3 Weapon 3 | . . . . 3 Tool/Special . | . . . . . Average Slot Usage (%) 99 | . 98 100 100 100 Engine 14 | . 14 14 14 14 Leg 28 | . 28 28 28 28 Device 4 | . 11 . . . Storage 14 | . 14 14 14 14 Protection 8 | . 1 14 14 14 Ballistic Gun 28 | . 28 28 28 28 Peak Build Rating 29 | 7 8 8 27 29 Average Rating 10 | 5 7 8 16 27 On Entrance 10 | . 7 8 8 27 Avg Prop Armor Cover (%) . | . . . . . Naked Turns . | . . . . . Heaviest Build 50 | 14 30 28 28 50 Greatest Support 60 | 20 20 20 60 60 Greatest Overweight (x) 1 | . 1 1 1 . Average Overweight (x) . | . . 1 . . Largest Inventory Capacity 20 | 8 15 15 15 20 Average Capacity 13 | 7 11 15 15 19 Most Carried 15 | 6 10 15 15 15 Average Carried 10 | 4 8 12 14 14 Final Capacity 20 | 8 15 15 15 20 Final Carried 15 | 6 9 15 14 13 Class Distribution -------------------- 100% | Mutant Dominant Class ---------------- Mutant | -10/Materials Mutant | -10/Mines Mutant | -10/Exiles Mutant | -9/Mines Resources | -11 -10 -10 -10 -9 ----------- Run | Yrd Mat Min Exi Min Matter Collected 636 | 272 251 23 80 10 Remotely . | . . . . . Salvage Created 506 | 10 390 106 . . Parts 42 | 4 32 6 . . Haulers Intercepted 2 | . 2 . . . Recyclers Shooed . | . . . . . Parts Field Recycled . | . . . . . Retrieved Matter . | . . . . . Parts Self-Destructed . | . . . . . Prevented . | . . . . . Parts Restored . | . . . . . Kills | -11 -10 -10 -10 -9 ------- Run | Yrd Mat Min Exi Min Combat Hostiles Destroyed 13 | . 11 2 . . Guns 13 | . 11 2 . . Classes Destroyed 6 | 1 4 1 . . Tunneler 1 | 1 . . . . Hauler 2 | . 2 . . . Operator 1 | . 1 . . . Swarmer 5 | . 5 . . . Grunt 6 | . 6 . . . Sentry 2 | . . 2 . . Best Kill Streak 6 | 1 6 2 . . Combat Bots Only 6 | . 6 2 . . Max Kills in Single Turn 1 | 1 1 1 . . Gunslinging . | . . . . . Exploded . | . . . . . Melee . | . . . . . Uniques/NPCs Destroyed . | . . . . . Combat | -11 -10 -10 -10 -9 -------- Run | Yrd Mat Min Exi Min Hostile Shots Fired 91 | . 60 28 . 3 Missed 31 | . 20 10 . 1 Hits 60 | . 40 18 . 2 Projectile 60 | . 40 18 . 2 AOE 3 | . . . . 3 Critical Strikes 2 | . . 2 . . Damage Taken 886 | . 490 263 . 133 Core 254 | . 119 73 . 62 Absorbed by Shields . | . . . . . Core Remaining (%) 100 | 100 . . . . Volleys Fired 58 | 5 43 10 . . Largest 2 | 2 2 2 . . Hottest 40 | 40 40 40 . . Shots Fired 116 | 10 86 20 . . Gun 116 | 10 86 20 . . Cannon . | . . . . . Launcher . | . . . . . Special . | . . . . . Kinetic 116 | 10 86 20 . . Thermal . | . . . . . Explosive . | . . . . . Electromagnetic . | . . . . . Robot Hit Streak 22 | 5 8 22 . . Robot Miss Streak 3 | 1 3 . . . Penetration Max . | . . . . . Secondary Targets 4 | . 3 1 . . Max Gunslinging Chain 1 | . 1 1 . . Shots Hit Robots 80 | 7 53 20 . . Core Hits 33 | 3 24 6 . . Critical Kills . | . . . . . Critical Parts Destroyed . | . . . . . Critical Strikes . | . . . . . Melee Attacks . | . . . . . Impact . | . . . . . Slashing . | . . . . . Piercing . | . . . . . Sneak Attacks . | . . . . . Combat Hostiles . | . . . . . Follow-up Attacks . | . . . . . Damage Inflicted 834 | 61 602 171 . . Guns 793 | 52 579 162 . . Cannons . | . . . . . Explosions . | . . . . . Melee . | . . . . . Ramming 41 | 9 23 9 . . Kinetic 793 | 52 579 162 . . Thermal . | . . . . . Explosive . | . . . . . Electromagnetic . | . . . . . Impact . | . . . . . Slashing . | . . . . . Piercing . | . . . . . Highest Corruption . | . . . . . Average Corruption . | . . . . . Corruption Purged . | . . . . . Corruption Blocked . | . . . . . Overload Shots . | . . . . . Overflow Damage . | . . . . . Projectiles . | . . . . . Explosions . | . . . . . Melee . | . . . . . Knockbacks 1 | . 1 . . . Impact 1 | . 1 . . . Kinetic . | . . . . . Secondary . | . . . . . Self-Inflicted Damage . | . . . . . Shots . | . . . . . Rammed . | . . . . . Targets Rammed 12 | 3 6 3 . . Kicked 12 | 3 6 3 . . Crushed . | . . . . . Highest Temperature 79 | . 16 79 . . Average Temperature 22 | . 7 36 . . Received Heat Transfer 288 | . 162 126 . . Siege Activations . | . . . . . Martial Activations . | . . . . . Shielding Activations . | . . . . . Robots Disrupted . | . . . . . Combat Hostiles . | . . . . . Robots Corrupted . | . . . . . Combat Hostiles . | . . . . . Parts Fried . | . . . . . Impact Corruptions . | . . . . . Robots Melted . | . . . . . Combat Hostiles . | . . . . . Parts Melted . | . . . . . Heat Transferred . | . . . . . Parts Sabotaged . | . . . . . Parts Stolen . | . . . . . Parts Stripped . | . . . . . Power Chain Reactions . | . . . . . Alert | -11 -10 -10 -10 -9 ------- Run | Yrd Mat Min Exi Min Maximum Alert Level . | . . . . . Low Security (%) 100 | 100 100 100 . 100 Level 1 . | . . . . . Level 2 . | . . . . . Level 3 . | . . . . . Level 4 . | . . . . . Level 5 . | . . . . . High Security . | . . . . . Max Security . | . . . . . Peak Influence 167 | 5 167 30 . . Initial 1 | . . 1 . . Average 45 | . 76 3 . . Influence Increases 362 | 5 317 40 . . Destroy 0b10 Robot/C 260 | . 220 40 . . Destroy 0b10 Robot/NC 20 | 5 15 . . . Destroy Leader 44 | . 44 . . . Successful Hack 23 | . 23 . . . Lose Combat Pursuer 15 | . 15 . . . Influence Decreases 362 | 5 312 45 . . Entered New Map 4 | . . 4 . . Time Decay 338 | 5 292 41 . . Lost Part 20 | . 20 . . . Squads Dispatched 2 | . 2 . . . Investigation 1 | . 1 . . . Extermination . | . . . . . Reinforcement 1 | . 1 . . . Assault . | . . . . . Garrison . | . . . . . Intercept . | . . . . . Searches Triggered . | . . . . . Construction Impeded . | . . . . . Haulers Reinforced . | . . . . . Active Scanning Responses . | . . . . . Cargo Convoy Interrupts . | . . . . . Stealth | -11 -10 -10 -10 -9 --------- Run | Yrd Mat Min Exi Min Distress Signals 1 | . 1 . . . Communications Jammed . | . . . . . Distress Signals . | . . . . . Times Spotted 32 | . 20 2 . 10 Peak Tracking Total 17 | . 6 2 . 17 Tactical Retreats 1 | . 1 . . . Traps | -11 -10 -10 -10 -9 ------- Run | Yrd Mat Min Exi Min Traps Triggered 3 | . 3 . . . Indirectly . | . . . . . Trap Hack Attempts . | . . . . . Triggered . | . . . . . Disarmed . | . . . . . Reprogrammed . | . . . . . Reused . | . . . . . Traps Extracted . | . . . . . Installed . | . . . . . Triggered . | . . . . . Most Traps Carried 3 | . . 3 3 . Machines | -11 -10 -10 -10 -9 ---------- Run | Yrd Mat Min Exi Min Machines Disabled . | . . . . . Max in Single Turn . | . . . . . Machines Repaired . | . . . . . Machines Dismantled . | . . . . . Machines Sabotaged . | . . . . . Overloaded Fab Kills . | . . . . . Hacking | -11 -10 -10 -10 -9 --------- Run | Yrd Mat Min Exi Min Machines Accessed 6 | . 4 . 2 . Terminals 3 | . 3 . . . Fabricators . | . . . . . Repair Stations . | . . . . . Recycling Units 1 | . 1 . . . Scanalyzers . | . . . . . Garrison Access . | . . . . . Total Hacks 8 | . 6 . 2 . Successful 5 | . 3 . 2 . Failed 3 | . 3 . . . Catastrophic 2 | . 2 . . . Database Lockouts . | . . . . . Manual 3 | . 2 . 1 . Terminals 5 | . 5 . . . Fabricators . | . . . . . Repair Stations . | . . . . . Recycling Units 1 | . 1 . . . Scanalyzers . | . . . . . Garrison Access . | . . . . . Terminal Hacks 4 | . 2 . 2 . Record 1 | . . . 1 . Part Schematic 1 | . 1 . . . Recycling Unit Index 1 | . 1 . . . Proto ID Catalog 1 | . . . 1 . Fabricator Hacks . | . . . . . Repair Station Hacks . | . . . . . Recycling Unit Hacks 1 | . 1 . . . Report Inventory 1 | . 1 . . . Scanalyzer . | . . . . . Garrison Access Hacks . | . . . . . Unauthorized Hacks . | . . . . . Terminals . | . . . . . Fabricators . | . . . . . Repair Stations . | . . . . . Recycling Units . | . . . . . Scanalyzers . | . . . . . Garrison Access . | . . . . . Data Cores Recovered 1 | . 1 . . . Used . | . . . . . Hacking Detections 3 | . 3 . . . Full Trace Events . | . . . . . Feedback Events . | . . . . . Feedback Blocked . | . . . . . Robot Schematics Acquired . | . . . . . Robots Built . | . . . . . Authchips . | . . . . . Time . | . . . . . Total Robot Build Rating . | . . . . . Part Schematics Acquired 1 | . 1 . . . Parts Built . | . . . . . Authchips . | . . . . . Time . | . . . . . Total Part Build Rating . | . . . . . Part Studies Acquired . | . . . . . Parts Repaired . | . . . . . Time . | . . . . . Parts Recycled . | . . . . . Recycled Matter . | . . . . . Retrieved Matter . | . . . . . Retrieved Components . | . . . . . Parts Scanalyzed . | . . . . . Part Schematics Acquired . | . . . . . Parts Damaged . | . . . . . Bothacking | -11 -10 -10 -10 -9 ------------ Run | Yrd Mat Min Exi Min Used RIF Installer . | . . . . . Robots Hacked . | . . . . . Non-combat . | . . . . . Combat . | . . . . . Robot Hacks Applied . | . . . . . Relay Couplers Released . | . . . . . Fabnet Peak Effective % . | . . . . . Robots Rewired . | . . . . . Allies Hacked . | . . . . . Hacks Repelled . | . . . . . Allies | -11 -10 -10 -10 -9 -------- Run | Yrd Mat Min Exi Min Total Allies . | . . . . . Largest Group . | . . . . . Highest-Rated Group . | . . . . . Highest-Rated Ally . | . . . . . Total Orders . | . . . . . Ally Attacks . | . . . . . Total Damage . | . . . . . Kills . | . . . . . Allies Corrupted . | . . . . . Allies Melted . | . . . . . Intel | -11 -10 -10 -10 -9 ------- Run | Yrd Mat Min Exi Min Active Infowar (turns) 594 | 10 584 . . . Seismic 594 | 10 584 . . . Robot Analysis Total . | . . . . . Derelict Logs Recovered 2 | . . 1 . 1 Drone Launches . | . . . . . Drone Recoveries . | . . . . . Exploration | -11 -10 -10 -10 -9 ------------- Run | Yrd Mat Min Exi Min Turns Passed 1763 | 102 720 362 512 67 Spaces Moved 1061 | 56 385 171 374 75 Core 1 | 1 . . . . Treads . | . . . . . Legs 1060 | 55 385 171 374 75 Wheels . | . . . . . Hover . | . . . . . Flight . | . . . . . Fastest Speed 45 | 50 120 190 90 45 Average Speed 141 | 118 141 190 133 85 Slowest Speed 190 | 120 190 190 190 90 Overloaded Moves 7 | . . . . 7 Propulsion Burnouts . | . . . . . Robots Hopped . | . . . . . Potential Cave-ins . | . . . . . Cave-ins Triggered . | . . . . . Exploration Rate (%) 39 | 4 62 28 87 17 Regions Visited 4 Branch Regions 3 Pre-discovered Areas 2 | . . . 1 1 Known Exits Taken . | . . . . . Unknown Exits Taken 4 | 1 1 1 1 . Scrap Searched 2 | . . 1 . 1 Spaces Dug . | . . . . . Terrain Destroyed . | . . . . . Melee . | . . . . . Projectile . | . . . . . AOE . | . . . . . Terrain Rammed . | . . . . . Walls Destroyed . | . . . . . Machines Disabled . | . . . . . Actions | -11 -10 -10 -10 -9 --------- Run | Yrd Mat Min Exi Min Total 1226 | 78 490 190 390 78 Wait 32 | 2 29 1 . . Move 1058 | 56 384 170 373 75 Hop . | . . . . . Pick Up 24 | 5 7 6 6 . Fast Attach 8 | 7 1 . . . Attach 4 | . 1 . 2 1 Detach . | . . . . . Swap 12 | 1 8 . 2 1 Drop 19 | . 11 . 7 1 Fire 58 | 5 43 10 . . Melee . | . . . . . Ram . | . . . . . Kick 11 | 2 6 3 . . Crush . | . . . . . Escape Stasis . | . . . . . Rewire . | . . . . . Trap . | . . . . . Miscellaneous . | . . . . . Route ------- -11/Scrapyard -10/Materials (discovered 2 exits: *Mat / [*Min]) -10/Mines (discovered 2 exits: Mat / *Exi) -10/Exiles -9/Mines History --------- Turn | Location | Event 22 | -11/Scrapyard | Discovered new exit (range 15) 103 | -11/Scrapyard | Entered Materials 301 | -10/Materials | Build established: Mutant 612 | -10/Materials | Discovered new exit (range 8) 772 | -10/Materials | Discovered new exit (range 15) 823 | -10/Materials | Entered Mines 841 | -10/Mines | Identified exit to Materials 920 | -10/Mines | Found a hidden stash of uninstalled traps 1004 | -10/Mines | Core integrity fell below 50% 1136 | -10/Mines | Deemed a non-threat by the Exiles lab entrance 1136 | -10/Mines | Discovered new exit (range 5) 1185 | -10/Mines | Entered Exiles 1237 | -10/Exiles | Met 8R-AWN 1270 | -10/Exiles | Met EX-HEX 1323 | -10/Exiles | Met EX-BIN 1346 | -10/Exiles | Aligned with FarCom system 1348 | -10/Exiles | Given EX-Vault access code 1393 | -10/Exiles | Opened EX-Vault 1400 | -10/Exiles | Found Prototype Leg 1403 | -10/Exiles | Found Prototype Leg 1404 | -10/Exiles | Identified Potential Leg (x2) 1449 | -10/Exiles | Warned to stay clear of 0b10 Research branches 1502 | -10/Exiles | Met EX-DEC 1537 | -10/Exiles | Visited The Gauntlet 1638 | -10/Exiles | Learned location of Zion (-7) 1687 | -10/Exiles | Discovered new exit (range 14) 1697 | -10/Exiles | Left Exiles lab with Potential Leg 1697 | -10/Exiles | Entered Mines 1743 | -9/Mines | Assembled infested the area 1764 | -9/Mines | Core integrity fell below 20% 1764 | -9/Mines | Destroyed by D-53 Grenadier with Mini Grenade Launcher Last Messages --------------- 01667_ Acquired Lrg. Matter Pod. 01668_ Extracted 40 matter. 01687_ EXIT=FOUND LOCATION=UNKNOWN GOAL=ESCAPE 01697_ Receiving FarCom transmissions... 01697_ Searching scrap... 01697_ Found Hcp. Storage Unit. 01697_ Found Transport Network Coupler. 01697_ Found 48 Matter. 01701_ Dropped Lrg. Storage Unit. 01701_ Acquired 10 matter. 01723_ Acquired derelict log, extracted data. World map confirmed: -7/Zion. 01743_ ALERT: Infestation in the mines, dispatching Demolisher response squad. 01763_ C-45 Heavy ARC bursts open, deploying its payload. 01763_ D-53 Grenadier unfolds itself. 01763_ Lgt. Ion Engine destroyed. 01764_ U-05 Engineer lays Concrete. Map ----- +----------------------------------------------------+ | | | | | | | | | | | | | | | | | | | | | | | ?????????????????????????????????????????????????? | | ?????????????????????????????????????????????????? | | ?????????????????????????####????????????????????? | | ??????????????????#?????## ##???????????????????? | | ?????????????????? #???## ######??????????????? | | ?????????????????? #??# ## ##?????????????? | | ?????????????????? ??# """ #???########### | | ?????????????????? ??# """ #???# | | ??????????????????# #??# """ #????# | | ??????????????????# #???# #?#### ##### | | ??????????????????# #???# ### #?# #???## | | ??????????????????# #???# #?## ### #????## | | ??????????????????# #???# #??# #####?????# | | ??????????????????# #?### ##?# #?????????# | | ??????????????????# ### @ ### #####?????????# | | ??????????????????# ## ### ##?????????????## | | ??????????????????# a #####???????????????? | | ??????????????????#### d%d#???????????????????? | | ?????????????????????### #??????????????????? | | ???????????????????????# #??????????????????? | | ???????????????????????##### #??????????????????? | | ????????????????????????????u##??????????????????? | | ???????????????????????????? ???????????????????? | | ?????????????????????????????" ??????????????????? | | ?????????????????????????????" ?????????????????? | | ?????????????????????????????? ????????????????? | | ??????????????????????????????? ? ???????????????? | | ???????????????????????????????? ? ??????????????? | | ?????????????????????????????????????????????????? | | ?????????????????????????????????????????????????? | | ?????????????????????????????????????????????????? | | ?????????????????????????????????????????????????? | | ?????????????????????????????????????????????????? | | ?????????????????????????????????????????????????? | | ?????????????????????????????????????????????????? | | ?????????????????????????????????????????????????? | | ?????????????????????????????????????????????????? | | ?????????????????????????????????????????????????? | | ?????????????????????????????????????????????????? | +----------------------------------------------------+ Best States ------------- Heat Dissipation 25 Energy Generation 10 Energy Capacity 250 Matter Stores 300 Matter Capacity 300 Sight Range 16 Terrain Scan Density 10 Armor Coverage 150 Evasion (%) 57 Item Schematics ----------------- Hcp. Storage Unit | -10/Materials | Hacked Robot Schematics ------------------ None Fabricated ------------ Nothing Repaired ---------- Nothing Studied --------- None Alien Tech Used ----------------- None Achievements -------------- Sprinter Challenges ------------ None Game ------ Seed ScrapoidFissionNanoactuators Manual? 0 Play Time 00:12:58 Cumulative 540.4 hours Start 2025.12.31 @ 21:12:20 End 2025.12.31 @ 21:32:20 Sessions 1 Manual Loads 0 Difficulty Rogue Special Mode None Game No. 369 Rogue 369 Adventurer 0 Explorer 0 Win Type - Total 51 Types 44/0/5/2/0/0/0/0/0/0 Lore% 84 Gallery% 80 Achievement% 48 Wizard Run 0 Options --------- Layout 0 ASCII 0 Keyboard 1 Movement Numpad Keybinds 0 Fullscreen 1 Font 24/Smallcaps Map View 76x50 Zoom Use 0% Tactical HUD 1 Map Filters NONE Filters NONE Steam 1 RUN: ea3ac791-8fc0-4985-82d6-c37158aefd56